 Dungeon Crawl Stone Soup version 0.31-a0-188-g5e087ee2ca (webtiles) character file.

Game seed: 1916045591846578955

515 qw the Skirmisher (level 7, -7/40 HPs)
             Began as a Deep Elf Hunter on June 23, 2023.
             Was an Initiate of Okawaru.
             Killed from afar by a gargoyle (10 damage)
             ... with a stone arrow
             ... on level 7 of the Dungeon.
             The game lasted 00:01:00 (2766 turns).

qw the Skirmisher (Deep Elf Hunter)                 Turns: 2766, Time: 00:01:01

Health: -7/40      AC:  7    Str: 10    XL:     7   Next: 0%
Magic:  9/9        EV: 11    Int: 14    God:    Okawaru [......]
Gold:   49         SH:  0    Dex: 18    Spells: 6/6 levels left

rFire   + . .        c - +0 orcbow
rCold   . . .        (shield currently unavailable)
rNeg    . . .        d - +0 ring mail
rPois   .            (no helmet)
rElec   .            (no cloak)
rCorr   .            a - +1 pair of gloves
SInv    .            (no boots)
Will    .....        (no amulet)
Stlth   +            f - ring of protection from fire
HPRegen 0.26/turn    (no ring)
MPRegen 0.11/turn

%: no passive effects
@: about to teleport
A: no striking features
a: Renounce Religion


You were on level 7 of the Dungeon.
You worshipped Okawaru.
Okawaru was noncommittal.
You visited 2 branches of the dungeon, and saw 6 of its levels.

You collected 172 gold pieces.
You spent 123 gold pieces at shops.


   Skills:
 - Level 2.7 Fighting
 - Level 10.0 Ranged Weapons
 + Level 0.0 Armour
 - Level 3.5 Dodging
 - Level 1.2 Stealth


You had 6 spell levels left.
You didn't know any spells.
Your spell library was empty.

Inventory:

Hand Weapons
 c - a +0 orcbow (weapon)
Armour
 a - a +1 pair of gloves (worn)
 d - a +0 ring mail (worn)
Jewellery
 f - a ring of protection from fire (left hand)
Wands
 k - a wand of digging (5)
Scrolls
 b - 2 scrolls of teleportation
 h - a scroll of identify
Potions
 g - a potion of enlightenment {unknown}
 i - a potion of berserk rage {unknown}
 j - 4 potions of curing

Dungeon Overview and Level Annotations

Branches:
Dungeon (4/15)             Temple (1/1) D:4

Altars:
Cheibriados
Fedhas
Gozag
Kikubaaqudgha
Makhleb
Okawaru
Ru
Trog
Uskayaw
Vehumet
Xom
Zin
The Shining One

Shops:
D:4 *


Message History

a +0 dagger; a kobold corpse
b - 3 scrolls of teleportation (gained 1)
There is a stone staircase leading down here.
You now have 49 gold pieces (gained 16).
A gargoyle comes into view. It is wielding a +0 mace.
You shoot an arrow.
The arrow hits the gargoyle but does no damage.
You shoot an arrow.
The arrow hits the gargoyle but does no damage.
You shoot an arrow. The arrow hits the gargoyle.
The gargoyle is lightly damaged.
The gargoyle closely misses you.
You shoot an arrow.
The arrow hits the gargoyle but does no damage.
The gargoyle is lightly damaged.
The gargoyle completely misses you.
You shoot an arrow.
The arrow hits the gargoyle but does no damage.
The gargoyle is lightly damaged.
The gargoyle hits you with a +0 mace.
You shoot an arrow.
The arrow hits the gargoyle but does no damage.
The gargoyle is lightly damaged.
The gargoyle hits you with a +0 mace!
You shoot an arrow.
The arrow hits the gargoyle but does no damage.
The gargoyle is lightly damaged.
The gargoyle hurls a stone arrow at you.
The stone arrow hits you!!
2765 ||| READING 3 scrolls of teleportation.
As you read the scroll of teleportation, it crumbles to dust.
You feel strangely unstable.
The gargoyle hurls a stone arrow at you.
The stone arrow misses you.
You shoot an arrow.
The arrow hits the gargoyle but does no damage.
The gargoyle is lightly damaged.
The gargoyle hurls a stone arrow at you.
The stone arrow hits you!
You die...

#.......#
#.#..####
###.#.#.####
#.......#
#).....#
#..####.#
##.###.# #..# #
#.###.# ##..#
#.....###...#
................#
.....#.#.#####.##
....##.#.# #@#
.... #.#.#
#9....# .. #.#.#
....#### #
#........##
#......## .#.##
... ~~


You could see a gargoyle.

Vanquished Creatures
  2 ogres (D:4)
  A centaur (D:7)
  A kobold brigand (D:7)
  2 hounds (D:4)
  A sleepcap (D:7)
  5 adders
  A worm (D:4)
  6 dart slugs
  An orc (D:3)
  3 bats
  3 endoplasms
  4 giant cockroaches
  7 goblins
  4 hobgoblins
  2 jackals (D:1)
  4 quokkas
  5 ball pythons
  2 frilled lizards
  8 kobolds
  A rat (D:2)
63 creatures vanquished.

Notes
Turn   | Place    | Note
-------+----------+-------------------------------------------
     0 | D:1      | qw the Deep Elf Hunter began the quest for the Orb.
     0 | D:1      | Reached XP level 1. HP: 12/12 MP: 3/3
     0 | D:1      | 0 ||| qw: Version: 0.3-a-9-g12657ce
     0 | D:1      | 0 ||| qw: Game counter: 3970
     0 | D:1      | 0 ||| qw: Always use a shield: true
     0 | D:1      | 0 ||| qw: God list: Okawaru
     0 | D:1      | 0 ||| qw: Allow faded altars: false
     0 | D:1      | 0 ||| qw: Do Orc after D:15 true
     0 | D:1      | 0 ||| qw: Do second Lair branch before Depths: true
     0 | D:1      | 0 ||| qw: Lair rune preference: random
     0 | D:1      | 0 ||| qw: Plans: Normal
     0 | D:1      | 0 ||| PLANNING D:1-11
   153 | D:1      | 153 ||| Stepping ~*~*~tactically~*~*~ (outnumbered).
   155 | D:1      | 155 ||| Stepping ~*~*~tactically~*~*~ (outnumbered).
   157 | D:1      | 157 ||| Stepping ~*~*~tactically~*~*~ (outnumbered).
   159 | D:1      | 159 ||| Stepping ~*~*~tactically~*~*~ (outnumbered).
   163 | D:1      | Reached skill level 6 in Ranged Weapons
   163 | D:1      | Reached XP level 2. HP: 13/16 MP: 4/4
   684 | D:1      | HP: 4/16 [kobold/+3 short sword (2)]
   966 | D:1      | 966 ||| DROPPING amulet of magic regeneration.
   967 | D:1      | 967 ||| READING scroll labelled OXEMUI BE GEDU.
   968 | D:1      | 968 ||| READING scroll labelled HAOKHL YLIUCH.
   973 | D:1      | 973 ||| READING scroll labelled ZIRYMI PIOTOSCH.
   974 | D:1      | 974 ||| READING scroll labelled GOUCHE NOGHEDD.
   975 | D:1      | 975 ||| READING scroll labelled RALAQU HYSETS.
   976 | D:1      | 976 ||| DRINKING 2 golden potions.
   977 | D:1      | 977 ||| DROPPING scroll of butterflies.
  1002 | D:2      | Reached XP level 3. HP: 20/20 MP: 5/5
  1179 | D:2      | Reached skill level 7 in Ranged Weapons
  1357 | D:2      | 1357 ||| UPGRADING to +0 ring mail.
  1367 | D:2      | 1367 ||| DROPPING +0 leather armour.
  1368 | D:2      | 1368 ||| READING scroll labelled IZUSTU PYOSAQIN.
  1369 | D:2      | 1369 ||| READING scroll labelled YNUPSO YCLOT.
  1370 | D:2      | 1370 ||| DRINKING 2 murky clear potions.
  1371 | D:2      | 1371 ||| DROPPING potion of attraction.
  1449 | D:3      | Found a shimmering altar of Xom.
  1468 | D:3      | 1468 ||| READING scroll of enchant weapon.
  1468 | D:3      | 1468 ||| ENCHANTING +1 shortbow of draining.
  1701 | D:3      | Found a radiant altar of Vehumet.
  1722 | D:3      | Reached XP level 4. HP: 25/25 MP: 6/6
  1844 | D:3      | Found an opulent altar of Gozag.
  1892 | D:3      | 1892 ||| UPGRADING to +0 pair of gloves.
  1897 | D:3      | 1897 ||| UPGRADING to ring of protection from fire.
  1962 | D:4      | Reached skill level 8 in Ranged Weapons
  1985 | D:4      | Found Maprur's General Store.
  1988 | D:4      | 1988 ||| BUYING scroll of enchant armour (97 gold).
  1988 | D:4      | Bought a scroll of enchant armour for 97 gold pieces
  1988 | D:4      | 1988 ||| BUYING scroll of identify (26 gold).
  1988 | D:4      | Bought a scroll of identify for 26 gold pieces
  1988 | D:4      | 1988 ||| SHOPLISTING scroll of identify (26 gold, have 5).
  1988 | D:4      | 1988 ||| READING scroll of enchant armour.
  1988 | D:4      | 1988 ||| ENCHANTING +0 pair of gloves.
  2007 | D:4      | Noticed an ogre
  2015 | D:4      | Killed an ogre
  2016 | D:4      | Reached XP level 5. HP: 29/29 MP: 7/7
  2021 | D:4      | Reached skill level 9 in Ranged Weapons
  2191 | D:4      | Noticed an ogre
  2196 | D:4      | Killed an ogre
  2197 | D:4      | Reached XP level 6. HP: 36/36 MP: 8/8
  2306 | D:4      | Found a staircase to the Ecumenical Temple.
  2307 | D:4      | 2307 ||| PLANNING TEMPLE
  2308 | D:4      | 2308 ||| READING 3 scrolls of identify.
  2308 | D:4      | 2308 ||| IDENTIFYING sapphire potion
  2309 | D:4      | 2309 ||| READING 2 scrolls of identify.
  2309 | D:4      | 2309 ||| IDENTIFYING amethyst potion
  2310 | D:4      | 2310 ||| DROPPING potion of invisibility.
  2311 | D:4      | 2311 ||| DROPPING potion of brilliance.
  2317 | Temple   | Entered the Ecumenical Temple
  2363 | Temple   | 2363 ||| PLANNING OKAWARU WORSHIP
  2377 | Temple   | Became a worshipper of Warmaster Okawaru
  2378 | Temple   | 2378 ||| PLANNING D:1-11
  2669 | D:4      | You fall into a shaft and drop 3 floors!
  2686 | D:7      | Reached skill level 10 in Ranged Weapons
  2697 | D:7      | 2697 ||| SWAPPING to +0 orcbow.
  2707 | D:7      | Reached skill level 3 in Dodging
  2707 | D:7      | Reached XP level 7. HP: 34/40 MP: 9/9
  2728 | D:7      | 2728 ||| DROPPING +2 shortbow of draining.
  2756 | D:7      | Noticed a gargoyle
  2764 | D:7      | HP: 3/40 [gargoyle/stone arrow (19)]
  2765 | D:7      | 2765 ||| READING 3 scrolls of teleportation.
  2766 | D:7      | Killed from afar by a gargoyle

Levels and vault maps discovered:
D:1:      saegor_arrival_fortress, layout_basic
D:2:      layout_rooms
D:3:      layout_basic, vehumet_crystals, xom_teletrap_fun,
          general_overflow_altar
D:4:      minmay_door_path, layout_gridville, minmay_temple_entry_fiery,
          serial_shops, nicolae_shop_real_fake_doors
D:7:      layout_rooms, gammafunk_ghost_gnarly_gnolls, hangedman_misty_isle
Temple:   zaba_magenta_temple

Skill      XL: |  1  2  3  4  5  6 |
---------------+-------------------+-----
Ranged Weapons | 6 7 8 9 10 | 10.0
Fighting       | 2 |  2.7
Dodging        | 3 |  3.5
Stealth        | |  1.2

Action                     |  1- 3 |  4- 6 |  7- 9 || total
---------------------------+-------+-------+-------++-------
   Fire: Shortbow          |    99 |    61 |       ||   160
         Orcbow            |       |     9 |     8 ||    17
    Use: Scroll            |     8 |     3 |     1 ||    12
         Potion            |     2 |       |       ||     2
 Armour: Leather armour    |     9 |       |       ||     9
         Ring mail         |       |    13 |       ||    13
  Dodge: Dodged            |    14 |    17 |     3 ||    34

Table legend:
 A = Non-vault XP
 B = Vault XP
 C = Vault XP percentage of total XP
 D = Non-vault monster count
 E = Vault monster count
 F = Vault count percentage of total count
                 A         B        C        D         E       F
            +---------+---------+-------+---------+---------+-------
      Total |     731 |       6 |   0.8 |      61 |       2 |   3.2
            +---------+---------+-------+---------+---------+-------
        D:1 |      37 |       0 |   0.0 |      17 |       0 |   0.0
        D:2 |      31 |       0 |   0.0 |      12 |       0 |   0.0
        D:3 |      38 |       0 |   0.0 |      13 |       0 |   0.0
        D:4 |     376 |       6 |   1.6 |      14 |       2 |  12.5
        D:7 |     249 |       0 |   0.0 |       5 |       0 |   0.0
            +---------+---------+-------+---------+---------+-------
